 Dungeon Crawl Stone Soup version 0.30-a0-586-g23e55c9e0a (webtiles) character file.

Game seed: 18214912074983980536

5806 night the Skirmisher (level 10, -6/73 HPs)
             Began as a Demigod Hunter on Jan 3, 2023.
             Shot with an arrow by a centaur warrior (20 damage)
             ... on level 9 of the Dungeon.
             The game lasted 00:21:36 (9490 turns).

night the Skirmisher (Demigod Hunter)               Turns: 9490, Time: 00:21:36

Health: -6/73      AC:  5    Str: 12    XL:     10   Next: 26%
Magic:  13/13      EV: 20    Int: 11    God:
Gold:   502        SH:  0    Dex: 29    Spells: 3/9 levels left

rFire   . . .      SeeInvis +    a - +0 shortbow
rCold   . . .      Faith    .    (shield currently unavailable)
rNeg    . . .      Spirit   .    v - +1 troll leather armour {Pargi}
rPois   .          Reflect  .    y - +0 helmet
rElec   .          Harm     .    (no cloak)
rCorr   +          Rampage  .    j - +0 pair of gloves
Will    +....                    (no boots)
Stlth   ++                       J - amulet of regeneration
HPRegen 1.92/turn                H - ring of see invisible
MPRegen 0.13/turn                K - ring of resist corrosion

@: no status effects
A: high MP 1, forlorn, divine attributes, claws 1, deformed body, mutation
resistance 1
a: no special abilities


You were on level 9 of the Dungeon.
You visited 1 branch of the dungeon, and saw 9 of its levels.
You also visited: Sewer.

You collected 502 gold pieces.

Inventory:

Hand Weapons
 a - a +0 shortbow (weapon)
 r - a +1 short sword of flaming
Missiles
 d - 109 stones
 f - 26 poisoned darts
 B - 2 throwing nets
 L - 3 boomerangs
 O - 3 atropa-tipped darts
Armour
 c - a +0 leather armour
 j - a +0 pair of gloves (worn)
 q - a +3 ring mail
 v - a +1 troll leather armour (worn) {Pargi}
 y - a +0 helmet (worn)
Jewellery
 H - a ring of see invisible (left hand)
 J - an amulet of regeneration (around neck)
 K - a ring of resist corrosion (right hand)
Wands
 u - a wand of paralysis (3)
 G - a wand of roots (10)
 N - a wand of flame (10)
Scrolls
 b - a scroll of immolation
 e - 3 scrolls of teleportation
 i - 3 scrolls of enchant weapon
 l - 3 scrolls of vulnerability
 m - a scroll of acquirement {unknown}
 o - 2 scrolls of fear
 p - 2 scrolls of poison
 s - 10 scrolls of fog
 t - 2 scrolls of amnesia
 E - a scroll of silence {unknown}
 M - 2 scrolls of identify
Potions
 g - a potion of mutation
 h - a potion of degeneration
 k - a potion of might
 n - a potion of flight {unknown}
 w - a potion of invisibility {unknown}
 x - a potion of magic
 z - a potion of resistance {unknown}
 A - a potion of berserk rage {unknown}
 C - 3 potions of heal wounds {unknown}
 D - 2 potions of curing
 F - a potion of attraction {unknown}
 I - 2 potions of lignification {unknown}


   Skills:
 - Level 2.0 Fighting
 * Level 12.3 Ranged Weapons
 + Level 8.6 Dodging
 - Level 1.3 Stealth


You had 3 spell levels left.
You knew the following spells:

 Your Spells              Type           Power      Damage    Failure   Level
a - Sting                 Tmut/Pois      0%         1d3       41%         1
b - Poisonous Vapours     Pois/Air       0%         N/A       56%         2
c - Mephitic Cloud        Conj/Pois/Air  0%         N/A       80%         3

Your spell library contained the following spells:

 Spells                   Type           Power      Damage    Failure   Level
 Magic Dart               Conj           0%         1d3       41%         1
 Slow                     Hex            0%         N/A       41%         1
 Call Imp                 Summ           0%         N/A       56%         2
 Cigotuvi's Dreadful Rot  Necr/Pois/Air  0%         N/A       56%         2
 Sublimation of Blood     Necr           0%         N/A       56%         2
 Confusing Touch          Hex            0%         N/A       80%         3
 Ignite Poison            Fire/Tmut/Pois 0%         N/A       80%         3
 Kindle Blastsparks       Fire/Tloc/Air  0%         2d10      80%         3
 Vampiric Draining        Necr           0%         2d6       80%         3
 Olgreb's Toxic Radiance  Pois           0%         N/A       99%         4
 Petrify                  Tmut/Erth      0%         N/A       99%         4
 Freezing Cloud           Conj/Ice/Air   0%         6-21      100%        5
 Irradiate                Conj/Tmut      0%         3d11      100%        5


Dungeon Overview and Level Annotations

Branches:
Dungeon (9/15)             Temple (0/1) D:4            Lair (0/5) D:8
    Orc (0/2) D:9           Sewer (visited)

Annotations:
D:6 exclusions: iguana and two-headed ogre


Innate Abilities, Weirdness & Mutations

You have an increased reservoir of magic. (+10% MP)
You shall have no god before yourself.
Your divine heritage dramatically boosts your attributes as you level up.
You have sharp fingernails.
Armour fits poorly on your strangely shaped body.
You are somewhat resistant to further mutation.


Message History

You open the large door.
A lava snake comes into view. x2
You shoot an arrow. The arrow hits the lava snake!
The lava snake hisses angrily.
The lava snake is almost dead.
You hear an angry hiss. x2
The lava snake spits lava at you. The glob of lava hits you!!
You shoot an arrow. The arrow misses the lava snake.
The lava snake spits lava at you. The glob of lava hits you!
You hear a shout!
You shoot an arrow. The arrow hits the lava snake.
The lava snake is moderately wounded.
You shoot an arrow. The arrow barely misses the lava snake.
You shoot an arrow. The arrow misses the lava snake.
The lava snake spits lava at you. The glob of lava misses you.
The lava snake spits lava at you. The glob of lava hits you.
You shoot an arrow. The arrow hits the lava snake!
You kill the lava snake!
A centaur warrior comes into view.
Your life force feels restored.
You shoot an arrow. The arrow misses the lava snake.
The centaur warrior wields a +0 longbow.
The centaur warrior shoots an arrow.
The arrow misses you.
You hear an angry hiss. x2
You shoot an arrow. The arrow misses the lava snake.
The centaur warrior shoots an arrow.
The arrow hits you!!
* * * LOW HITPOINT WARNING * * *
You are too injured to fight recklessly!
Fire: a) +0 shortbow
Press: ? - help, Q - select action, (/) - cycle Shift-Dir - straight line, f/p - lava snake
Aim: a lava snake (lava, lightly wounded, catching its breath, 55% to hit)
You shoot an arrow.
The arrow hits the lava snake but does no damage.
The lava snake is lightly wounded.
The centaur warrior shoots an arrow.
The arrow hits you!!
You die...

### ##..### #...# #.#
#..# #.## #...# #.# #..#
#######.#######...####.#
#..#
..)....................#
#..#
....>.>........######.##
#.## #########..##### #)#
#.# #..# #.# #.# #..##
#)# #.# #.@.# #)# #.#
##''# #.# #.# ≈§.S≈ #.#
#.### §§..≈≈≈≈
###.######....
§≈≈..≈≈≈≈≈##..........###
≈§≈≈.§≈§§≈≈≈##.........#
§≈≈≈§..≈§§≈§≈ ##..#####.#
§§§§§§§c≈§§§§≈ #..# #.#
#..# #.#


You could see a centaur warrior and a lava snake (catching breath).

Vanquished Creatures
  A two-headed ogre (D:8)
  Erica (D:9)
  A komodo dragon (D:8)
  A troll (D:9)
  A hornet (D:9)
  Prince Ribbit (D:7)
  2 shadows (D:9)
  A wyvern (D:8)
  Eustachio (D:6)
  A human (D:7)
  A two-headed ogre zombie (D:9)
  A water moccasin (D:7)
  Pargi (Sewer)
  2 orc warriors (D:7)
  A black bear (D:5)
  An ice beast (D:6)
  An ogre (D:5)
  A centaur (D:6)
  4 phantoms
  2 kobold brigands (D:8)
  A bullfrog (D:8)
  2 scorpions (D:5)
  A necrophage (D:5)
  A gnoll sergeant (D:8)
  8 wights
  A lava snake (D:9)
  3 jellies
  2 orc priests
  3 hounds
  An iguana (D:5)
  3 gnoll boudas
  5 orc wizards
  Natasha (twice) (D:3)
  7 ogre zombies (D:9)
  Robin (D:3)
  An adder (D:3)
  27 gnolls
  A river rat (D:4)
  An ufetubus (D:4)
  2 worms
  3 dart slugs
  8 orcs
  4 ball pythons
  4 bats
  3 endoplasms (D:1)
  7 giant cockroaches
  12 goblins
  6 hobgoblins
  5 jackals
  14 kobolds
  4 quokkas
  8 frilled lizards
  2 goblin zombies (D:9)
  A hobgoblin skeleton (D:9)
  6 hobgoblin zombies (D:9)
  4 orc skeletons (D:9)
  12 orc zombies (D:9)
  6 rats
208 creatures vanquished.

Vanquished Creatures (others)
  8 plants
8 creatures vanquished.

Grand Total: 216 creatures vanquished

Notes
Turn   | Place    | Note
-------+----------+-------------------------------------------
     0 | D:1      | night the Demigod Hunter began the quest for the Orb.
     0 | D:1      | Reached XP level 1. HP: 17/17 MP: 3/3
    74 | D:1      | Reached skill level 1 in Stealth
   231 | D:1      | Reached skill level 2 in Fighting
   231 | D:1      | Reached skill level 2 in Dodging
   231 | D:1      | Reached XP level 2. HP: 21/24 MP: 4/4
   492 | D:1      | Reached skill level 4 in Ranged Weapons
   676 | D:1      | Reached XP level 3. HP: 29/29 MP: 5/5
  2092 | D:3      | Noticed Robin
  2103 | D:3      | Killed Robin
  2106 | D:3      | HP: 3/29 [goblin/+0 dagger[Robin] (3)]
  2107 | D:3      | Reached XP level 4. HP: 4/36 MP: 6/6
  2309 | D:3      | Noticed Natasha
  2311 | D:3      | Killed Natasha
  2552 | D:3      | Noticed Natasha
  2557 | D:3      | Killed Natasha
  2558 | D:3      | Reached skill level 5 in Ranged Weapons
  2862 | D:4      | Found a staircase to the Ecumenical Temple.
  3010 | D:4      | Reached XP level 5. HP: 25/41 MP: 7/7
  3099 | D:4      | Found a glowing drain.
  3103 | Sewer    | Entered a sewer
  3146 | Sewer    | Noticed Pargi
  3153 | Sewer    | Killed Pargi
  3765 | D:5      | Entered Level 5 of the Dungeon
  3783 | D:5      | Reached XP level 6. HP: 33/48 MP: 8/8
  3791 | D:5      | Reached skill level 6 in Ranged Weapons
  3982 | D:5      | Gained mutation: You have sharp fingernails. [potion of
                  | mutation]
  3982 | D:5      | Gained mutation: Armour fits poorly on your strangely
                  | shaped body. [potion of mutation]
  3982 | D:5      | Gained mutation: You are somewhat resistant to further
                  | mutation. [potion of mutation]
  3982 | D:5      | HP: 6/48 [scorpion (4)]
  3988 | D:5      | HP: 5/48 [scorpion (7)]
  4061 | D:5      | Noticed a water moccasin
  4131 | D:5      | Reached XP level 7. HP: 53/55 MP: 9/9
  4195 | D:5      | Reached skill level 7 in Ranged Weapons
  4600 | D:5      | Reached skill level 5 in Dodging
  4747 | D:6      | Noticed a two-headed ogre
  4859 | D:6      | Reached skill level 8 in Ranged Weapons
  4950 | D:6      | Reached XP level 8. HP: 61/61 MP: 10/10
  5004 | D:6      | Noticed Eustachio
  5015 | D:6      | Killed Eustachio
  6011 | D:7      | HP: 7/61 [gnoll sergeant/+1 trident of freezing (3)]
  6073 | D:7      | Reached skill level 9 in Ranged Weapons
  6755 | D:7      | Noticed Prince Ribbit
  6765 | D:7      | Killed Prince Ribbit
  6978 | D:7      | Reached skill level 10 in Ranged Weapons
  6978 | D:7      | Reached XP level 9. HP: 22/67 MP: 11/11
  7081 | D:7      | Learned a level 2 spell: Poisonous Vapours
  7085 | D:7      | Learned a level 3 spell: Mephitic Cloud
  7087 | D:7      | Learned a level 1 spell: Sting
  7592 | D:8      | Found a staircase to the Lair.
  7593 | D:8      | Noticed a komodo dragon
  7613 | D:8      | HP: 7/59 [komodo dragon (29)]
  7615 | D:8      | Killed a komodo dragon
  7916 | D:8      | Noticed a two-headed ogre
  7929 | D:8      | HP: 5/67 [two-headed ogre/+0 giant club (23)]
  7931 | D:8      | Killed a two-headed ogre
  7932 | D:8      | Reached skill level 11 in Ranged Weapons
  8667 | D:9      | Paralysed by a hornet for 1 turns
  8669 | D:9      | HP: 10/67 [poisoned by a hornet]
  8674 | D:8      | HP: 10/67 [poisoned by a hornet]
  8722 | D:9      | Noticed Erica
  8731 | D:9      | HP: 8/67 [Erica/+1 scimitar of flaming (6)]
  8734 | D:9      | HP: 2/67 [Erica/+1 scimitar of flaming (7)]
  8736 | D:9      | Killed Erica
  8765 | D:8      | Reached XP level 10. HP: 72/73 MP: 13/13
  8820 | D:9      | HP: 7/73 [troll (7)]
  8954 | D:9      | Reached skill level 12 in Ranged Weapons
  9088 | D:9      | Found a staircase to the Orcish Mines.
  9487 | D:9      | Noticed a centaur warrior
  9490 | D:9      | Shot with an arrow by a centaur warrior

Illustrated notes

Levels and vault maps discovered:
D:1:      elethiomel_arrival_infinity_welcomes_careful_drivers, layout_rooms,
          nicolae_titane
D:2:      layout_loops_corners
D:3:      layout_basic, mainiacjoe_overflow_paths, uniq_robin, uniq_natasha
D:4:      layout_basic, nemelex_xobeh_ov_fountains_minmay,
          minmay_temple_entry_stoned_glass, gup_sewer_entry_spiral
D:5:      layout_loops_ring, mainiacjoe_overflow_boulevard,
          makhleb_blood_cavern_becter
D:6:      layout_loops_corners, nicolae_vehumet_radiance,
          nicolae_dithmenos_shadow_blocks, grunt_ministairs_1, uniq_eustachio
D:7:      layout_loops_ring, kennysheep_mini_moat, uniq_prince_ribbit1
D:8:      layout_gridville, mainiacjoe_overflow_concentric_impassable,
          david_lair_shrubbed
D:9:      kennysheep_big_flooded_room, layout_small_grid, zombieorc2_lemuel,
          uniq_erica

Skill      XL: |  1  2  3  4  5  6  7  8  9 10 |
---------------+-------------------------------+-----
Stealth        | 1 |  1.3
Fighting       | 2 |  2.0
Dodging        | 2 3 4 5 6 8 |  8.6
Ranged Weapons | 4 5 6 8 10 11 12 | 12.3

Action                   |  1- 3 |  4- 6 |  7- 9 | 10-12 || total
-------------------------+-------+-------+-------+-------++-------
Melee: Short sword       |       |     8 |     3 |       ||    11
 Fire: Shortbow          |   115 |   151 |   378 |   179 ||   823
Throw: Dart              |       |     3 |     7 |       ||    10
Evoke: Wand              |       |     3 |     6 |       ||     9
  Use: Scroll            |     1 |     5 |     4 |       ||    10
       Potion            |       |     6 |     1 |       ||     7
 Stab: Paralysed         |       |     4 |     3 |       ||     7
Armor: Leather armour    |    16 |     8 |       |       ||    24
       Troll leather arm |       |    25 |    21 |     7 ||    53
Dodge: Dodged            |    27 |    88 |   181 |    53 ||   349

Table legend: (Time is in decaauts)
 A = Elapsed time spent in this place.
 B = Non-inter-level travel time spent in this place.
 C = Inter-level travel time spent in this place.
 D = Time resting spent in this place.
 E = Time spent auto-exploring this place.
 F = Levels seen in this place.
 G = Mean time per level.
                   A        B        C        D        E       F      G
               +--------+--------+--------+--------+--------+-----+--------+
         Total |   9643 |   9310 |    333 |   1206 |   6422 |  10 |  964.3 |
       Dungeon |   9481 |   9148 |    333 |   1206 |   6323 |   9 | 1053.4 |
         Sewer |    161 |    161 |      0 |      0 |     99 |   1 |  161.0 |
               +--------+--------+--------+--------+--------+-----+--------+

Top non-repeatable levels by time:
     D:8: 1397 daAuts
     D:7: 1322 daAuts
     D:6: 1239 daAuts
     D:3: 1104 daAuts
     D:5: 1046 daAuts
     D:1: 955 daAuts
     D:2: 838 daAuts
     D:4: 802 daAuts
     D:9: 775 daAuts
   Sewer: 161 daAuts
